 Dungeon Crawl Stone Soup version 0.30.1-11-g7821555f0a (webtiles) character file.

Game seed: 8550814023362772518

3480 Cheops the Destroyer (level 10, -15/56 HPs)
             Began as an Octopode Conjurer on Dec 3, 2023.
             Was an Initiate of Vehumet.
             Killed from afar by Erica (17 damage)
             ... with a bolt of poison
             ... on level 8 of the Dungeon.
             The game lasted 00:25:11 (11223 turns).

Cheops the Destroyer (Octopode Conjurer)           Turns: 11223, Time: 00:25:11

Health: -15/56     AC:  1    Str:  7    XL:     10   Next: 7%
Magic:  8/17       EV: 14    Int: 22    God:    Vehumet [......]
Gold:   295        SH:  5    Dex: 13    Spells: 2/19 levels left

rFire   . . .        a - +2 dagger (venom)
rCold   . . .        (no shield)
rNeg    . . .        (helmet restricted)
rPois   .            q - amulet of reflection
rElec   .            (no ring)
rCorr   .            (no ring)
SInv    .            (no ring)
Will    .....        (no ring)
Stlth   ++++         (no ring)
HPRegen 0.29/turn    (no ring)
MPRegen 0.15/turn    (no ring)
                     (no ring)

%: reflection
@: lethally poisoned (-15 -> -27)
A: almost no armour, amphibious, 8 rings, camouflage 1, gelatinous body 1,
(nimble swimmer 1), tentacles
a: Renounce Religion


You were on level 8 of the Dungeon.
You worshipped Vehumet.
Vehumet was noncommittal.
You visited 2 branches of the dungeon, and saw 9 of its levels.
You also visited: Sewer.

You collected 373 gold pieces.
You spent 78 gold pieces at shops.

Inventory:

Hand Weapons
 a - a +2 dagger of venom (weapon)
 c - a +1 war axe of holy wrath
Magical Staves
 b - a staff of poison
Jewellery
 q - an amulet of reflection (around mantle)
 w - an amulet of the acrobat
Wands
 r - a wand of polymorph (12)
 u - a wand of flame (5)
Scrolls
 g - 3 scrolls of teleportation
 n - a scroll of amnesia
 o - 3 scrolls of identify
 p - a scroll of brand weapon
 s - a scroll of fear
 v - a scroll of torment
 x - 3 scrolls of fog
 y - a scroll of blinking
Potions
 d - 6 potions of heal wounds
 e - 6 potions of curing {unknown}
 f - a potion of mutation {unknown}
 h - a potion of brilliance {unknown}
 i - 7 potions of might {unknown}
 j - a potion of invisibility {unknown}
 k - a potion of cancellation
 l - 2 potions of berserk rage {unknown}
 m - 3 potions of haste {unknown}
 t - a potion of magic
 z - 2 potions of attraction {unknown}


   Skills:
 - Level 5.0 Dodging
 - Level 4.1 Stealth
 - Level 5.0 Spellcasting
 + Level 8.0 Conjurations
 - Level 6.0 Hexes
 * Level 3.9 Summonings
 - Level 6.0 Translocations
 - Level 2.0 Evocations


You had 2 spell levels left.
You knew the following spells:

 Your Spells              Type           Power      Damage    Failure   Level
a - Magic Dart            Conj           100%       1d8       1%          1
b - Searing Ray           Conj           80%        2d7       1%          2
d - Dazzling Flash        Conj/Hex       72%        N/A       1%          3
i - Iskenderun's Mystic   Conj/Tloc      36%        2d9       5%          4
p - Fulminant Prism       Conj/Hex       18%        3d10      5%          4
C - Call Canine Familiar  Summ           22%        N/A       6%          3

Your spell library contained the following spells:

 Spells                   Type           Power      Damage    Failure   Level
 Cigotuvi's Dreadful Rot  Necr/Pois/Air  10%        N/A       16%         2
 Scorch                   Fire           10%        2d5       16%         2
 Gell's Gravitas          Tloc           31%        N/A       2%          3
 Portal Projectile        Hex/Tloc       62%        N/A       2%          3
 Teleport Other           Tloc           31%        N/A       2%          3
 Leda's Liquefaction      Hex/Erth       9%         N/A       28%         4
 Dispersal                Tloc           15%        N/A       78%         6
 Haunt                    Necr/Summ      7%         N/A       100%        7


Dungeon Overview and Level Annotations

Branches:
Dungeon (8/15)             Temple (1/1) D:7           Sewer (visited)
   Lair: D:8-11

Altars:
Ashenzari
Cheibriados
Dithmenos
Elyvilon
Fedhas
Gozag
Hepliaklqana
Kikubaaqudgha
Nemelex Xobeh
Okawaru
Qazlal
Ru
Sif Muna
Trog
Uskayaw
Vehumet
Wu Jian
Xom
Zin
The Shining One

Shops:
D:3 *   D:4 *   D:7 :

Annotations:
D:7 3 runed translucent doors, stairs, Dvallin's ghost, amateur FoFi
D:8 Erica


Innate Abilities, Weirdness & Mutations

You cannot wear most types of armour.
You are amphibious.
You can wear up to eight rings at the same time.
Your skin changes colour to match your surroundings (Stealth+).
Your rubbery body absorbs attacks. (AC +1, EV +1)
((You are camouflaged when in or above water. (Stealth+)))
You have tentacles for arms and can constrict up to eight enemies at once.


Message History

Confirm with . or Enter, or press ? or * to list all spells.
Aiming: Searing Ray (safe; 1% risk of failure)
Press: ? - help, Shift-Dir - straight line, f - Erica
Aim: Erica, wielding a +1 scimitar of flaming and wearing a +0 robe (ally target, 80% to hit)
The searing ray hits Erica!
Erica is lightly wounded. (Press . to maintain the ray.) Erica points at you and mumbles some strange words.
You are confused.
Your fulminant prism crackles loudly.
Your fulminant prism explodes!
The blast of energy engulfs Erica!!
Erica is moderately wounded.
You hear a shout!
You hear a loud, deep croak!
You hit Erica.
Erica is heavily wounded.
Erica closely misses you.
Erica hits you with a +1 scimitar of flaming!
Erica burns you.
You hit Erica.
Erica is poisoned.
Your squeeze misses Erica.
Erica is heavily wounded.
Erica hits you with a +1 scimitar of flaming!
* * * LOW HITPOINT WARNING * * *
Erica burns you.
* * * LOW HITPOINT WARNING * * *
You barely miss Erica. Your squeeze misses Erica.
Erica is heavily wounded.
You feel less confused.
Erica hits you with a +1 scimitar of flaming!
* * * LOW HITPOINT WARNING * * *
Erica burns you.
* * * LOW HITPOINT WARNING * * *
Casting: Searing Ray (safe; 1% risk of failure)
Confirm with . or Enter, or press ? or * to list all spells.
You erupt in a blast of force!
The mystic blast hits Erica!
Erica is severely wounded.
Erica is knocked back by the mystic blast.
Erica gestures at you while chanting. The bolt of poison hits you!
You are lethally poisoned!
You die...

. #. ### ..# #..#.# #
#..#.# #..# #. #..#.# ..#
#.##.##@# ## ..#
#.......# .. ..#
##.......# @###.# #.#
#.....##.##......#..###.#
###.###...@.....#
........# ...
#.##.##...... #..
#.###.##.# ..... #.#
#........# .... #.#
###.###### #...## #.[


You could see Erica (very poisoned).

Vanquished Creatures
  A hornet (D:7)
  A wyvern (D:7)
  3 vampire mosquitoes (D:7)
  A black bear (D:6)
  An orc warrior (D:8)
  5 ice beasts
  A sky beast (D:8)
  An ogre (D:5)
  2 centaurs (D:7)
  A kobold brigand (D:8)
  A phantom (D:5)
  A bullfrog (D:7)
  2 scorpions
  3 wights (D:4)
  8 killer bees (D:8)
  2 howler monkeys
  5 hounds
  3 jellies
  An orc priest (D:7)
  4 iguanas
  A sleepcap (D:7)
  4 orc wizards
  4 gnolls (D:4)
  13 adders
  A river rat (Sewer)
  4 shadow imps
  6 white imps
  An ufetubus (D:6)
  5 worms
  2 dart slugs
  18 orcs
  10 ball pythons
  5 bats
  13 endoplasms
  7 giant cockroaches
  8 goblins
  2 hobgoblins (D:2)
  5 jackals
  4 quokkas
  8 frilled lizards
  7 kobolds
  3 rats
178 creatures vanquished.

Vanquished Creatures (others)
  11 fulminant prisms
11 creatures vanquished.

Grand Total: 189 creatures vanquished

Notes
Turn   | Place    | Note
-------+----------+-------------------------------------------
     0 | D:1      | Cheops the Octopode Conjurer began the quest for the Orb.
     0 | D:1      | Reached XP level 1. HP: 11/11 MP: 3/3
   152 | D:1      | Reached XP level 2. HP: 17/17 MP: 3/5
  1314 | D:2      | Reached XP level 3. HP: 21/21 MP: 2/7
  1449 | D:2      | Got the Encyclopedia of the Hot Mortuary
  1972 | D:2      | Reached XP level 4. HP: 27/27 MP: 5/8
  2251 | D:3      | Reached skill level 5 in Conjurations
  2733 | D:2      | Learned a level 2 spell: Searing Ray
  2740 | D:3      | Reached XP level 5. HP: 31/31 MP: 4/9
  2786 | D:3      | Learned a level 4 spell: Fulminant Prism
  2836 | D:3      | Found Zocey's General Store.
  2844 | D:3      | Bought a potion of heal wounds for 50 gold pieces
  2855 | D:3      | Found a glowing drain.
  2862 | Sewer    | Entered a sewer
  2922 | Sewer    | Reached skill level 6 in Conjurations
  3094 | Sewer    | Reached skill level 1 in Hexes
  3327 | Sewer    | Reached XP level 6. HP: 36/36 MP: 0/10
  3448 | Sewer    | Found a viscous altar of Jiyva.
  4190 | D:4      | Found Neakaibb's General Store.
  4266 | D:4      | Reached XP level 7. HP: 29/41 MP: 5/11
  4271 | D:4      | Learned a level 4 spell: Iskenderun's Mystic Blast
  4698 | D:4      | Reached skill level 5 in Hexes
  4698 | D:4      | Reached skill level 1 in Translocations
  5477 | D:5      | Entered Level 5 of the Dungeon
  5835 | D:5      | Reached XP level 8. HP: 46/46 MP: 5/12
  6086 | D:5      | Reached skill level 5 in Translocations
  6395 | D:5      | Reached skill level 7 in Conjurations
  7034 | D:6      | Learned a level 3 spell: Dazzling Flash
  8210 | D:7      | Noticed a hornet
  8332 | D:7      | Identified the scarf of Pride {shadows, +Blink rElec rPois
                  | Will+}
  8344 | D:7      | Reached XP level 9. HP: 40/51 MP: 10/15
  8412 | D:7      | Reached skill level 1 in Evocations
  8491 | D:7      | Found Enloq's Tremendous Tomes.
  8580 | D:7      | Found a staircase to the Ecumenical Temple.
  8589 | Temple   | Entered the Ecumenical Temple
  9023 | Temple   | Became a worshipper of Vehumet
  9084 | D:7      | Found a runed translucent gate.
  9084 | D:7      | Found a runed translucent gate.
  9084 | D:7      | Found a runed translucent gate.
  9085 | D:7      | Noticed Dvallin's ghost (amateur FoFi)
  9104 | D:7      | Killed a hornet
  9254 | D:7      | Reached skill level 5 in Dodging
  9437 | D:7      | Reached skill level 5 in Spellcasting
 10072 | D:4      | Bought a scroll of identify for 28 gold pieces
 10166 | D:8      | Noticed Erica
 10373 | D:8      | Reached skill level 8 in Conjurations
 10551 | D:7      | Learned a level 3 spell: Call Canine Familiar
 10566 | D:8      | Reached skill level 1 in Summonings
 10838 | D:8      | Reached XP level 10. HP: 38/56 MP: 11/17
 11222 | D:8      | HP: 2/56 [Erica/+1 scimitar of flaming (3)]
 11223 | D:8      | Killed from afar by Erica

Illustrated notes

Levels and vault maps discovered:
D:1:      scummos_arrival_simple_crosswalls, layout_loops_corners,
          feat_on_display
D:2:      layout_basic, corexii_shack, chequers_decorated_corner,
          kennysheep_big_empty_room
D:3:      layout_rooms, cheibrodos_sewer_entry_bend, serial_bayou,
          serial_bayou_lagoon_a, serial_bayou_shore_a, serial_bayou_lagoon_b,
          serial_bayou_ford_a, serial_bayou_crossing, serial_shops, shop
D:4:      layout_basic, serial_shops, nicolae_take_the_stairs,
          cheibrodos_gnoll_hut
D:5:      layout_loops_corners, ebering_dispersal_statue_hall
D:6:      layout_gridville
D:7:      layout_loops_ring, nicolae_overflow_hidden_temple,
          minmay_temple_entry_grid, gammafunk_ghost_split,
          nicolae_shop_i_like_big_books
D:8:      layout_loops_cross, serial_shops, nicolae_shop_just_a_little_nook,
          uniq_grum, uniq_erica
Temple:   mainiacjoe_temple_big_plus

Skill      XL: |  1  2  3  4  5  6  7  8  9 10 |
---------------+-------------------------------+-----
Spellcasting   | 3 4 5 |  5.0
Conjurations   | 5 6 7 8 |  8.0
Hexes          | 2 4 5 6 |  6.0
Translocations | 4 6 |  6.0
Evocations     | 2 |  2.0
Dodging        | 5 |  5.0
Stealth        | 4 |  4.1
Summonings     | 2 3 |  3.9

Action                     |  1- 3 |  4- 6 |  7- 9 | 10-12 || total
---------------------------+-------+-------+-------+-------++-------
  Melee: Dagger            |     1 |    25 |    23 |     3 ||    52
         Constrict         |     1 |     6 |     4 |       ||    11
         Tentacles         |     1 |     5 |     5 |       ||    11
         Punch             |       |     1 |     1 |       ||     2
   Cast: Magic Dart        |    66 |   101 |   130 |    10 ||   307
         Searing Ray       |       |     5 |    49 |     1 ||    55
         Fulminant Prism   |       |       |    10 |     1 ||    11
         Iskenderun's Myst |       |       |    11 |     3 ||    14
         Dazzling Flash    |       |       |     1 |       ||     1
    Use: Scroll            |       |     6 |     7 |       ||    13
   Stab: Sleeping          |       |       |     2 |       ||     2
 Armour: Skin              |     1 |     2 |     5 |       ||     8
  Dodge: Dodged            |     4 |    16 |    60 |     3 ||    83
  Block: Other             |       |       |    17 |     1 ||    18
